 Dungeon Crawl Stone Soup version 0.26.1-11-gd32895ea62 (webtiles) character file.

Game seed: 14619773358034288905

235 Rrauwl the Covert (level 6, -5/53 HPs)
             Began as a Gnoll Delver on May 31, 2021.
             Killed by divine providence
             ... invoked by an orc priest
              (12 damage)
             ... on level 3 of the Dungeon.
             The game lasted 00:13:10 (2904 turns).

Rrauwl the Covert (Gnoll Delver)                    Turns: 2904, Time: 00:13:10

Health: -5/53      AC:  4    Str: 28    XL:     6   Next: 6%
Magic:  8/8        EV: 15    Int: 13    God:
Gold:   114        SH:  0    Dex: 16    Spells: 8/8 levels left

rFire    . . .     SeeInvis .     - Unarmed
rCold    . . .     Faith    .   (no shield)
rNeg     . . .     Spirit   .   o - +0 robe
rPois    .         Reflect  .   (no helmet)
rElec    .         Harm     .   g - +1 cloak
rCorr    .         Rampage  .   (no gloves)
Will     .....                  (no boots)
Stlth    ++++......             j - amulet of regeneration
HPRegen  0.57/turn              r - +6 ring of strength
MPRegen  0.11/turn              h - +6 ring of strength

@: no status effects
A: distributed training, fangs 1, strong nose
a: no special abilities


You were on level 3 of the Dungeon.
You visited 1 branch of the dungeon, and saw 5 of its levels.

You collected 114 gold pieces.

Inventory:

Hand Weapons
 p - a +0 hunting sling
Missiles
 i - 8 curare-tipped darts (quivered)
 l - 52 sling bullets
 w - 16 bolts
 y - 11 poisoned darts
Armour
 g - a +1 cloak (worn)
 o - a +0 robe (worn)
Jewellery
 h - a +6 ring of strength (right hand)
 j - an amulet of regeneration (around neck)
 k - an uncursed ring of protection from fire
 r - a +6 ring of strength (left hand)
Wands
 f - a wand of digging (2)
Scrolls
 a - 2 scrolls of teleportation
 b - 4 scrolls of fog
 c - a scroll of magic mapping
 d - a scroll of fear
 m - 5 scrolls of identify
 n - a scroll of remove curse
 q - 2 scrolls of amnesia
 x - 2 scrolls of enchant armour
Potions
 e - a potion of haste
 s - a potion of might
 t - a potion of invisibility
 u - a potion of cancellation
 v - 2 potions of heal wounds


   Skills:
 + Level 6.8 Fighting
 + Level 1.8 Short Blades
 + Level 1.8 Long Blades
 + Level 1.8 Axes
 + Level 1.8 Maces & Flails
 + Level 1.8 Polearms
 + Level 1.8 Staves
 + Level 1.8 Slings
 + Level 1.8 Bows
 + Level 1.8 Crossbows
 + Level 1.8 Throwing
 + Level 1.8 Armour
 + Level 4.9 Dodging
 + Level 9.7 Stealth
 + Level 1.8 Shields
 + Level 4.9 Unarmed Combat
 + Level 1.8 Spellcasting
 + Level 1.4 Conjurations
 + Level 1.4 Hexes
 + Level 1.4 Summonings
 + Level 1.4 Necromancy
 + Level 1.4 Translocations
 + Level 1.4 Transmutations
 + Level 1.4 Fire Magic
 + Level 1.4 Ice Magic
 + Level 1.4 Air Magic
 + Level 1.4 Earth Magic
 + Level 1.4 Poison Magic
 + Level 2.0 Invocations
 + Level 1.8 Evocations


You had 8 spell levels left.
You didn't know any spells.
Your spell library was empty.

Dungeon Overview and Level Annotations

Branches:
Dungeon (5/15)
 Temple: D:4-7

Altars:
Xom

Shops:
D:5 [


Innate Abilities, Weirdness & Mutations

Your experience applies equally to all skills.
You have very sharp teeth.
Your uncanny sense of smell can sniff out nearby items.


Message History

You bite the orc priest, but do no damage.
The orc priest is severely wounded.
The orc priest hits you but does no damage.
You barely miss the orc priest.
The orc priest is severely wounded.
The orc priest barely misses you.
You hit the orc priest.
The orc priest is almost dead.
The orc misses you. The orc priest completely misses you.
You hit the orc priest but do no damage.
The orc priest is almost dead.
The orc hits you with a +0 short sword.
* * * LOW HITPOINT WARNING * * *
The orc priest completely misses you.
You barely miss the orc priest.
The orc priest is almost dead.
The orc closely misses you.
The orc priest mumbles some strange prayers to Beogh against you.
Beogh smites you!
You die...

.......##.#...#.....#....###
##..
..........>..♣.♣..#...#### ##
............♣♣♣.♣..#..#
..........♣♣♣ ♣♣♣♣♣#†.##
.........♣♣ ♣...♣....#
..........♣♣ ♣.♣♣...#.......
.......#..♣♣.♣♣♣.♣...#######.
.......#.♣♣ ♣..♣)♣...#
.........♣ ♣.o@♣...#
......... ♣♣o.♣♣..# ......##.
♣♣♣♣.♣.. ∆ ...... ...## . ##


You could see an orc priest and an orc.

Vanquished Creatures
  An orc priest (D:3)
  A worker ant (D:5)
  A howler monkey skeleton (D:5)
  10 adders
  2 oozes (D:1)
  A worm (D:2)
  A dart slug (D:1)
  2 leopard geckos (D:2)
  2 orcs (D:3)
  5 giant cockroaches
  4 goblins
  7 hobgoblins
  3 jackals (D:3)
  6 kobolds
  A quokka (D:5)
  2 ball pythons (D:3)
  7 bats
  8 frilled lizards
  6 rats
70 creatures vanquished.

Notes
Turn   | Place    | Note
-------+----------+-------------------------------------------
     0 | D:5      | Reached skill level 9 in Stealth
     0 | D:5      | Rrauwl the Gnoll Delver began the quest for the Orb.
     0 | D:5      | Reached XP level 1. HP: 23/23 MP: 1/1
    59 | D:5      | Noticed a centaur
    84 | D:5      | Found a shimmering altar of Xom.
    86 | D:5      | Noticed a worker ant
   131 | D:5      | Found Sijeff's Antique Armour Boutique.
   156 | D:5      | Reached XP level 2. HP: 28/29 MP: 2/2
   219 | D:5      | Reached skill level 1 in Invocations
   219 | D:5      | Reached XP level 3. HP: 18/35 MP: 2/4
   246 | D:4      | Found a shimmering altar of Xom.
   649 | D:4      | Noticed an ogre
   667 | D:4      | Noticed a scorpion
   726 | D:4      | Noticed a scorpion
   758 | D:2      | Reached skill level 1 in Short Blades
   758 | D:2      | Reached skill level 1 in Long Blades
   758 | D:2      | Reached skill level 1 in Axes
   758 | D:2      | Reached skill level 1 in Maces & Flails
   758 | D:2      | Reached skill level 1 in Polearms
   758 | D:2      | Reached skill level 1 in Staves
   758 | D:2      | Reached skill level 1 in Slings
   758 | D:2      | Reached skill level 1 in Bows
   758 | D:2      | Reached skill level 1 in Crossbows
   758 | D:2      | Reached skill level 1 in Throwing
   758 | D:2      | Reached skill level 1 in Armour
   758 | D:2      | Reached skill level 1 in Shields
   758 | D:2      | Reached skill level 1 in Spellcasting
   758 | D:2      | Reached skill level 1 in Evocations
   836 | D:2      | Reached XP level 4. HP: 40/41 MP: 5/5
  1448 | D:1      | Reached skill level 1 in Conjurations
  1448 | D:1      | Reached skill level 1 in Hexes
  1448 | D:1      | Reached skill level 1 in Summonings
  1448 | D:1      | Reached skill level 1 in Necromancy
  1448 | D:1      | Reached skill level 1 in Translocations
  1448 | D:1      | Reached skill level 1 in Transmutations
  1448 | D:1      | Reached skill level 1 in Fire Magic
  1448 | D:1      | Reached skill level 1 in Ice Magic
  1448 | D:1      | Reached skill level 1 in Air Magic
  1448 | D:1      | Reached skill level 1 in Earth Magic
  1448 | D:1      | Reached skill level 1 in Poison Magic
  1884 | D:2      | Reached XP level 5. HP: 47/47 MP: 6/6
  2896 | D:3      | Reached XP level 6. HP: 16/53 MP: 8/8
  2904 | D:3      | Killed from afar by an orc priest

Illustrated notes

Levels and vault maps discovered:
D:1:      dpeg_arrival_shrine, layout_basic, minmay_tall_x
D:2:      layout_loops_corners, nicolae_underground_beach
D:3:      layout_rooms, chequers_ecumenical_altar_grove
D:4:      layout_cave_pods, serial_park, serial_park_gazebo
          [serial_park_minivault_5x5_8], serial_park_square3
          [serial_park_minivault_5x5_4], kennysheep_flooded_box
D:5:      layout_basic, nicolae_overflow_crystal_walls, serial_shops,
          nicolae_shop_stone, nicolae_tso_besieged_by_evil, uniq_eustachio,
          uniq_pikel, uniq_blork_the_orc

Skill      XL: |  1  2  3  4  5 |
---------------+----------------+-----
Stealth        | |  9.7
Invocations    | 1 2 |  2.0
Short Blades   | 1 |  1.8
Long Blades    | 1 |  1.8
Axes           | 1 |  1.8
Maces & Flails | 1 |  1.8
Polearms       | 1 |  1.8
Staves         | 1 |  1.8
Slings         | 1 |  1.8
Bows           | 1 |  1.8
Crossbows      | 1 |  1.8
Throwing       | 1 |  1.8
Armour         | 1 |  1.8
Shields        | 1 |  1.8
Spellcasting   | 1 |  1.8
Evocations     | 1 |  1.8
Conjurations   | 1 |  1.4
Hexes          | 1 |  1.4
Summonings     | 1 |  1.4
Necromancy     | 1 |  1.4
Translocations | 1 |  1.4
Transmutations | 1 |  1.4
Fire Magic     | 1 |  1.4
Ice Magic      | 1 |  1.4
Air Magic      | 1 |  1.4
Earth Magic    | 1 |  1.4
Poison Magic   | 1 |  1.4
Fighting       | |  6.8
Dodging        | |  4.9
Unarmed Combat | |  4.9

Action                   |  1- 3 |  4- 6 || total
-------------------------+-------+-------++-------
Melee: Unarmed           |    54 |   120 ||   174
       Bite              |     7 |    14 ||    21
       Punch             |     4 |     2 ||     6
Evoke: Wand              |     1 |       ||     1
  Use: Potion            |     1 |     4 ||     5
       Scroll            |     1 |     7 ||     8
 Stab: Sleeping          |     2 |    29 ||    31
       Distracted        |       |     1 ||     1
Armor: Leather armour    |     8 |     7 ||    15
       Robe              |       |     5 ||     5
Dodge: Dodged            |    34 |    73 ||   107
